 Dungeon Crawl Stone Soup version 0.21.1 (webtiles) character file.

135 nikopol the Firebug (level 4, 0/24 HPs)
             Began as a Deep Elf Fire Elementalist on Feb 4, 2018.
             Succumbed to an adder's poison
             ... on level 2 of the Dungeon.
             The game lasted 00:05:42 (1769 turns).

nikopol the Firebug (Deep Elf Fire Elementalist)    Turns: 1769, Time: 00:05:43

Health: 0/24       AC:  2    Str:  5    XL:     4   Next: 96%
Magic:  1/12       EV: 13    Int: 21    God:
Gold:   50         SH:  0    Dex: 15    Spells: 5/11 levels left

rFire    . . .     SeeInvis .   h - +0 dagger
rCold    . . .     Gourm    .   (no shield)
rNeg     . . .     Faith    .   a - +0 robe
rPois    .         Spirit   .   (no helmet)
rElec    .         Reflect  .   (no cloak)
rCorr    .         Harm     .   (no gloves)
MR       .....                  (no boots)
Stlth    ++........             (no amulet)
HPRegen  0.08/turn              (no ring)
MPRegen  0.13/turn              (no ring)

@: lethally poisoned (0 -> -14)
A: no striking features
a: no special abilities


You were on level 2 of the Dungeon.
You were not hungry.

You visited 1 branch of the dungeon, and saw 2 of its levels.

You collected 50 gold pieces.

Inventory:

Hand Weapons
 h - a +0 dagger (weapon)
Armour
 a - a +0 robe (worn)
Scrolls
 e - a scroll of noise {unknown}
 f - a scroll of blinking {unknown}
 g - 2 scrolls of remove curse {unknown}
 j - 2 scrolls of random uselessness {unknown}
 m - a scroll of enchant armour {unknown}
 o - a scroll of fear {unknown}
Potions
 d - a potion of mutation {unknown}
 i - 2 potions of flight {unknown}
 k - 2 potions of curing {unknown}
 n - a potion of agility {unknown}
 p - a potion of brilliance {unknown}
Books
 b - a book of Flames

   Spells                             Type                      Level
   a - Flame Tongue                   Conjuration/Fire             1
   b - Throw Flame                    Conjuration/Fire             2
   c - Conjure Flame                  Conjuration/Fire             3
   d - Inner Flame                    Hexes/Fire                   3
   e - Sticky Flame                   Conjuration/Fire             4
   f - Fireball                       Conjuration/Fire             5
Comestibles
 c - 4 rations


   Skills:
 + Level 2.8 Dodging
 + Level 3.1 Stealth
 + Level 4.4 Spellcasting
 + Level 2.1 Conjurations
 + Level 4.7 Fire Magic


You had 5 spell levels left.
You knew the following spells:

 Your Spells              Type           Power        Failure   Level  Hunger
a - Flame Tongue          Conj/Fire      ###..        2%          1    None
b - Throw Flame           Conj/Fire      ###...       4%          2    #......
c - Conjure Flame         Conj/Fire      ###.....     9%          3    ##.....


Dungeon Overview and Level Annotations

Branches:
Dungeon (2/15)

Altars:


Message History

* * * LOW HITPOINT WARNING * * *
You feel sick. The adder closely misses you.
Casting: Flame Tongue
Confirm with . or Enter, or press ? or * to list all spells.
Aiming: Flame Tongue
Press: ? - help, Shift-Dir - straight line, f/p - adder
Aim: an adder (almost dead)
The flame tongue misses the adder.
The adder barely misses you. The adder bites you.
* * * LOW HITPOINT WARNING * * *
You are more poisoned.
The adder poisons you!
All of the chunks of flesh in your inventory have rotted away.
Casting: Flame Tongue
Confirm with . or Enter, or press ? or * to list all spells.
Aiming: Flame Tongue
Press: ? - help, Shift-Dir - straight line, f/p - adder
Aim: an adder (severely wounded)
The flame tongue misses the adder.
You die...

######### .......# .
...[..# .####
.....####.#..# #####
########....##...#..####
....#
#...........##.###..##.#
....#
##...)....).....#.......#
.....
[.....†.S@.........>###.#
.....
.......†.##....(###.....#
.....
.........####...#....####
....>
...########.#..##.##.#
..... ## #....#.....#
####. #<##.#####.#
#..†.#.....# ####+##
#.##(#...#.# .......
#.####...#.#


You could see an adder.

Vanquished Creatures
  Natasha (thrice) (D:2)
  2 adders (D:2)
  2 worms (D:2)
  A dart slug (D:2)
  3 giant cockroaches (D:2)
  A hobgoblin (D:1)
  7 jackals (D:2)
  A quokka (D:2)
  5 bats
  4 frilled lizards
  3 goblins
  5 kobolds
  A rat (D:1)
38 creatures vanquished.

Notes
Turn   | Place    | Note
-------+----------+-------------------------------------------
     0 | D:1      | nikopol the Deep Elf Fire Elementalist began the quest for the Orb.
     0 | D:1      | Reached XP level 1. HP: 10/10 MP: 6/6
   899 | D:1      | Reached XP level 2. HP: 15/15 MP: 6/8
   903 | D:1      | Learned a level 2 spell: Throw Flame
  1051 | D:2      | Noticed Natasha
  1054 | D:2      | Noticed a crimson imp
  1058 | D:2      | Killed Natasha
  1058 | D:2      | Reached XP level 3. HP: 14/19 MP: 2/10
  1067 | D:2      | Learned a level 3 spell: Conjure Flame
  1341 | D:2      | Noticed Natasha
  1358 | D:2      | Killed Natasha
  1358 | D:2      | Reached XP level 4. HP: 19/24 MP: 3/12
  1523 | D:2      | Noticed Natasha
  1536 | D:2      | Killed Natasha
  1768 | D:2      | HP: 1/24 [adder (3)]
  1769 | D:2      | Succumbed to an adder's poison

Skill      XL: |  1  2  3  4 |
---------------+-------------+-----
Fire Magic     | 4 |  4.7
Stealth        | 3 |  3.1
Spellcasting   | 4 |  4.4
Conjurations   | 2 |  2.1
Dodging        | |  2.8

Action                   |  1- 3 |  4- 6 || total
-------------------------+-------+-------++-------
 Cast: Flame Tongue      |    39 |    34 ||    73
  Eat: Chunk             |     1 |     1 ||     2
Armor: Robe              |       |     8 ||     8
Dodge: Dodged            |    11 |    23 ||    34
